 Dungeon Crawl Stone Soup version 0.27-a0-1324-ge0d8e047f6 (webtiles) character file.

Game seed: 3664564506008083872

1352 dinky3 the Sneak (level 8, -27/48 HPs)
             Began as a Kobold Delver on June 24, 2021.
             Was a Follower of Dithmenos.
             Killed by an exploding wraith (36 damage)
             ... ignited by their inner flame
             ... on level 9 of the Dungeon.
             The game lasted 00:14:04 (2484 turns).

dinky3 the Sneak (Kobold Delver)                    Turns: 2484, Time: 00:14:04

Health: -27/48     AC:  5    Str:  9    XL:     8   Next: 95%
Magic:  11/15      EV: 15    Int: 13    God:    Dithmenos [*.....]
Gold:   134        SH:  0    Dex: 22    Spells: 9/16 levels left

rFire    . . .     SeeInvis .   a - +7 dagger of Veuraquv {venom, Dex+5}
rCold    . . .     Faith    .   (shield restricted)
rNeg     . . .     Spirit   .   b - +0 leather armour
rPois    .         Reflect  .   i - +0 helmet
rElec    .         Harm     .   u - +0 cloak
rCorr    .         Rampage  .   (no gloves)
Will     .....                  (no boots)
Stlth    ++++++....             (no amulet)
HPRegen  0.16/turn              (no ring)
MPRegen  0.14/turn              (no ring)

@: confusing by touch, slowed, wreathed by umbra, very slow
A: small, no large weapons, nightstalker 3
a: Renounce Religion


You were on level 9 of the Dungeon.
You worshipped Dithmenos.
Dithmenos was aware of your devotion.
You visited 1 branch of the dungeon, and saw 9 of its levels.

You collected 167 gold pieces.
You spent 33 gold pieces at shops.

Inventory:

Hand Weapons
 a - the +7 dagger of Veuraquv (weapon) {venom, Dex+5}
   (You found it on level 5 of the Dungeon)

   It poisons the flesh of those it strikes.
   It affects your dexterity (+5).
 t - the +7 mace of Youthful Indiscretion {drain, *Slow rCorr Str+4 Dex+5}
   (You found it on level 5 of the Dungeon)

   A truly terrible weapon, it drains the life of those it strikes.
   It affects your strength (+4).
   It affects your dexterity (+5).
   It protects you from acid and corrosion.
   It may slow you when you take damage.
 v - a +4 quarterstaff of chaos
 z - a +2 dagger of draining
Missiles
 h - 59 stones
 o - 4 atropa-tipped darts
 p - 26 poisoned darts (quivered)
 D - 4 boomerangs
Armour
 b - a +0 leather armour (worn)
 i - a +0 helmet (worn)
 q - a +2 kite shield
 u - a +0 cloak (worn)
Magical Staves
 r - a staff of fire
Jewellery
 n - a ring of fire
Wands
 g - a wand of digging (2)
 k - a wand of acid (6)
 x - a wand of charming (8)
Scrolls
 c - a scroll of fog
 e - 2 scrolls of fear
 f - a scroll of amnesia
 l - 2 scrolls of teleportation
 s - 2 scrolls of noise
 A - a scroll of enchant armour {unknown}
 B - a scroll of blinking {unknown}
Potions
 d - 2 potions of flight
 m - a potion of haste
 C - a potion of lignification


   Skills:
 - Level 4.6 Fighting
 - Level 4.8 Short Blades
 - Level 2.4 Dodging
 - Level 7.9 Stealth
 + Level 4.9 Spellcasting
 + Level 6.9 Hexes


You had 9 spell levels left.
You knew the following spells:

 Your Spells              Type           Power      Damage    Failure   Level
a - Confusing Touch       Hex            21%        N/A       4%          3
b - Tukima's Dance        Hex            21%        N/A       4%          3
c - Apportation           Tloc           6%         N/A       26%         1

Your spell library contained the following spells:

 Spells                   Type           Power      Damage    Failure   Level
 Gell's Gravitas          Tloc           1%         N/A       63%         3
 Lesser Beckoning         Tloc           1%         N/A       63%         3
 Metabolic Englaciation   Hex/Ice        6%         N/A       87%         5
 Yara's Violent Unravell  Hex/Tmut       6%         3d5       87%         5
 Invisibility             Hex            10%        N/A       93%         6
 Petrify                  Tmut/Erth      3%         N/A       95%         4
 Alistair's Intoxication  Tmut/Pois      2%         N/A       100%        5


Dungeon Overview and Level Annotations

Branches:
Dungeon (9/15)             Temple (0/1) D:7
   Lair: D:8-11         Orc: D:9-12

Altars:
Dithmenos
Kikubaaqudgha
Xom

Shops:
D:4 **   D:8 [

Annotations:
D:8 Erica, Joseph


Innate Abilities, Weirdness & Mutations

You are small and have problems with some larger weapons.
You are completely attuned to the shadows.


Message History

There is an open door here.
There is an open door here.
Things that are here:
a +0 great sword; a +0 robe
Casting: Confusing Touch (dangerous; 4% risk of failure)
Confirm with . or Enter, or press ? or * to list all spells.
Your hands begin to glow red.
The wraith hits you. The wraith drains your vigour!
You feel yourself slow down.
A two-headed ogre comes into view. It is wielding two +0 giant clubs.
A howler monkey comes into view.
The wraith hits you! The wraith drains your vigour!
You feel as though you will be slow longer.
The wraith hits you.
* * * LOW HITPOINT WARNING * * *
Unknown command.
You hit the wraith but do no damage. The wraith hits you!
* * * LOW HITPOINT WARNING * * *
Unknown command.
You hit the wraith but do no damage. The wraith completely misses you.
The wraith barely misses you.
Press: ? - help, v - describe, . - travel
Here: a wraith (chance to confuse on hit: 19%, umbra)
The floor.
As you read the scroll labelled WILIAPH TIPO, it crumbles to dust.
The creatures around you are filled with an inner flame!
It was a scroll of immolation.
The wraith closely misses you. The wraith barely misses you.
As you read the scroll labelled XOEDYURUGA, it crumbles to dust.
It is a scroll of brand weapon.
Your +2 dagger of electrocution craves living souls!
z - a +2 dagger of draining The wraith completely misses you.
As you read the scroll labelled DITUNA HU HUAS, it crumbles to dust.
You speak a Word of immense power!
The wraith convulses!
Dithmenos accepts your kill.
It was a scroll of holy word.
The wraith explodes!
The fiery explosion engulfs you!!!
Ouch! That really hurt!
You die...

#.......# #..#
#.......# #..#
#.......# #..#
#.......# #..#
#......[# #..#
#.......# #..#
#.......####..#
#.............#
.
#..§.@.....####
h.#..§§§.....#
.....§#§....##
......).....#
...........##
.###..###).#
....#.#'##
#...##...#
O.###...##


There were no monsters in sight!

Vanquished Creatures
  Sigmund (D:2)
  A wraith (D:9)
  A wyvern (D:9)
  A steam dragon (D:8)
  A sky beast (D:5)
  A necrophage (D:4)
  A kobold brigand (D:9)
  A scorpion (D:6)
  2 bullfrogs (D:8)
  A wyvern zombie (D:7)
  A water moccasin zombie (D:5)
  A water moccasin skeleton (D:4)
  A killer bee (D:9)
  A wight (D:9)
  A bullfrog zombie (D:5)
  A jelly (D:6)
  Crazy Yiuf (D:5)
  An orc priest (D:8)
  A killer bee zombie (D:7)
  A hound skeleton (D:4)
  A howler monkey zombie (D:8)
  2 adders
  3 shadow imps
  A worm (D:5)
  3 dart slugs
  3 orcs (D:8)
  An endoplasm (D:1)
  2 goblins
  A hobgoblin (D:2)
  2 ball pythons
  7 kobolds
  2 rats
49 creatures vanquished.

Vanquished Creatures (others)
  A fungus (D:5)
1 creature vanquished.

Grand Total: 50 creatures vanquished

Notes
Turn   | Place    | Note
-------+----------+-------------------------------------------
     0 | D:5      | dinky3 the Kobold Delver began the quest for the Orb.
     0 | D:5      | Reached XP level 1. HP: 14/14 MP: 1/1
    41 | D:5      | Found a shimmering altar of Xom.
    41 | D:5      | Found a shadowy altar of Dithmenos.
    46 | D:5      | Became a worshipper of Dithmenos the Shadowed
    97 | D:4      | Found Kablimm's Specific Store.
    97 | D:4      | Found Lanotes's General Store.
   131 | D:4      | Noticed a necrophage
   210 | D:4      | Noticed a hound
   570 | D:1      | Reached XP level 2. HP: 19/19 MP: 2/2
   618 | D:2      | Noticed Sigmund
   623 | D:2      | Killed Sigmund
   624 | D:2      | Reached skill level 7 in Stealth
   624 | D:2      | Reached XP level 3. HP: 24/24 MP: 3/3
   624 | D:2      | Reached XP level 4. HP: 30/30 MP: 4/4
   624 | D:2      | Reached XP level 5. HP: 34/34 MP: 5/5
   630 | D:2      | Learned a level 3 spell: Confusing Touch
   964 | D:4      | Killed a necrophage
   965 | D:4      | Reached skill level 1 in Spellcasting
   965 | D:4      | Reached XP level 6. HP: 10/39 MP: 5/8
  1058 | D:4      | Bought 4 atropa-tipped darts for 33 gold pieces
  1250 | D:5      | Found an ancient bone altar of Kikubaaqudgha.
  1266 | D:5      | Identified the +7 dagger of Veuraquv {venom, Dex+5}
  1278 | D:5      | Noticed a sky beast
  1282 | D:5      | Killed a sky beast
  1283 | D:5      | Reached XP level 7. HP: 44/44 MP: 8/10
  1328 | D:5      | Found a runed translucent door.
  1331 | D:5      | Noticed Crazy Yiuf
  1340 | D:5      | Killed Crazy Yiuf
  1345 | D:5      | Identified the +7 mace of Youthful Indiscretion {drain,
                  | *Slow rCorr Str+4 Dex+5}
  1563 | D:6      | Reached skill level 5 in Hexes
  1624 | D:6      | Learned a level 3 spell: Tukima's Dance
  1704 | D:7      | Reached XP level 8. HP: 24/48 MP: 2/11
  1775 | D:7      | Reached * piety under Dithmenos
  1848 | D:7      | Found a staircase to the Ecumenical Temple.
  2054 | D:8      | Noticed a hornet
  2081 | D:8      | Noticed Joseph
  2099 | D:8      | Learned a level 1 spell: Apportation
  2200 | D:8      | Noticed Erica
  2235 | D:8      | Found Tyxi's Antique Armour Emporium.
  2411 | D:9      | Noticed a wyvern
  2415 | D:9      | Killed a wyvern
  2447 | D:9      | Noticed a wraith
  2475 | D:9      | Noticed a two-headed ogre
  2484 | D:9      | Killed a wraith
  2484 | D:9      | Killed by an exploding wraith... ignited by their inner
                  | flame

Illustrated notes

Levels and vault maps discovered:
D:1:      minmay_arrival_loop, layout_basic
D:2:      layout_loops_ring, hangedman_decor_riveting, uniq_sigmund
D:3:      layout_loops_cross, kennysheep_generic_room_14
D:4:      layout_gridville, nrook_mini_vaults, nicolae_specific_store
D:5:      layout_basic, general_overflow_altar, lemuel_round_altar,
          gammafunk_temple_overflow_statue, minivault_26,
          uniq_crazy_yiuf_cottage
D:6:      layout_basic, nemelex_xobeh_ov_fountains_minmay,
          nicolae_overflow_crystal_walls, minmay_misc_feat_tiny,
          nicolae_shop_firing_range
D:7:      layout_basic, marbit_many_paths, temple_fountains
D:8:      layout_loops_ring, serial_shops, nicolae_shop_stone, uniq_erica,
          uniq_joseph
D:9:      minmay_slanted_spiral_squares, layout_long_grid, lemuel_round_altar,
          overflow_temple_1_default, overflow_temple_1_default,
          david_lair_shrubbed, hangedman_abyss_or_decor_lesser_grid

Skill      XL: |  1  2  3  4  5  6  7  8 |
---------------+-------------------------+-----
Short Blades   | 3 4 |  4.8
Fighting       | 4 |  4.6
Stealth        | 7 |  7.9
Spellcasting   | 1 2 4 |  4.9
Hexes          | 2 3 5 6 |  6.9
Dodging        | |  2.4

Action                   |  1- 3 |  4- 6 |  7- 9 || total
-------------------------+-------+-------+-------++-------
Melee: Short sword       |    16 |    59 |       ||    75
       Dagger            |       |     1 |    81 ||    82
       Unarmed           |       |       |     3 ||     3
Throw: Dart              |       |       |     2 ||     2
 Cast: Confusing Touch   |       |       |     6 ||     6
Evoke: Wand              |     1 |       |     3 ||     4
  Use: Potion            |     4 |     1 |     1 ||     6
       Scroll            |     2 |     1 |     7 ||    10
 Stab: Sleeping          |     4 |     9 |     7 ||    20
       Confused          |       |       |     3 ||     3
       Distracted        |       |       |     1 ||     1
       Invisible         |       |       |     1 ||     1
Armor: Leather armour    |     3 |     8 |     9 ||    20
       Skin              |       |       |     2 ||     2
Dodge: Dodged            |     7 |    29 |    84 ||   120

Table legend: (Time is in decaauts)
 A = Elapsed time spent in this place.
 B = Non-inter-level travel time spent in this place.
 C = Inter-level travel time spent in this place.
 D = Time resting spent in this place.
 E = Time spent auto-exploring this place.
 F = Levels seen in this place.
 G = Mean time per level.
                   A        B        C        D        E       F      G
               +--------+--------+--------+--------+--------+-----+--------+
         Total |   2519 |   2464 |     55 |      0 |      0 |   9 |  279.9 |
       Dungeon |   2519 |   2464 |     55 |      0 |      0 |   9 |  279.9 |
               +--------+--------+--------+--------+--------+-----+--------+

Top non-repeatable levels by time:
     D:8: 496 daAuts
     D:4: 424 daAuts
     D:5: 337 daAuts
     D:1: 314 daAuts
     D:7: 258 daAuts
     D:2: 239 daAuts
     D:6: 197 daAuts
     D:9: 127 daAuts
     D:3: 122 daAuts
